AoeStats
← REI DELAS

Hideout

508688042Analyzed
1v1 RM · 10d ago on Sep 23, 2026· 35m 14s· 2 players
Game mode
Random Map
Map size
Tiny (2 player)
Population
200
Speed
Normal
Resources
Standard
Victory
Conquest
Starting age
Dark Age
Ending age
Imperial Age
RankedLock teamsTeams togetherTeam positionsShared explorationLock speedFull tech treeHidden civsTurbo modeCheats
Victory
Defeat
🇪🇸 Magyars · Spain
498
+16
🇵🇹 Spanish · Portugal
494
-16
REI DELAS
11:35 Feudal Age
12:54 Wheelbarrow
12:01 Horse Collar
12:13 Double-Bit Axe
20:45 Gold Mining
23:08 Castle Age
22:35 Stone Mining
24:11 Hand Cart
25:05 Stone Shaft Mining
24:32 Heavy Plow
24:45 Bow Saw
32:11 Imperial Age
29:31 Town Watch
34:56 Two-Man Saw
33:34 Capped Ram
enelamia
13:59 Feudal Age
18:41 Castle Age
16:54 Stone Mining
16:53 Horse Collar
17:15 Double-Bit Axe
17:53 Gold Mining
20:34 Gold Shaft Mining
21:43 Bow Saw
22:19 Heavy Plow
28:04 Imperial Age
26:13 Corvinian Army
29:20 Elite Magyar Huszar
32:21 Two-Man Saw
32:06 Crop Rotation
31:38 Loom
31:40 Town Watch
35:52 Town Patrol
Connection lost

Rejoining the realm…

Still unreachable

The connection could not be restored.

Session expired

The server has moved on; the page needs a fresh start.